 Dungeon Crawl Stone Soup version 0.23-a0-650-ga4d50d4 (webtiles) character file.

2755 zishaf the Grappler (level 9, -5/88 HPs)
             Began as a Troll Hunter on Jan 5, 2019.
             Was a Believer of Qazlal.
             Slain by an orc warrior
             ... wielding a +0 glaive
              (9 damage)
             ... in a bailey.
             The game lasted 00:12:58 (5655 turns).

zishaf the Grappler (Troll Hunter)                  Turns: 5655, Time: 00:12:59

Health: -5/88      AC:  6    Str: 22    XL:     9   Next: 41%
Magic:  2/9        EV: 12    Int:  7    God:    Qazlal [**....]
Gold:   404        SH:  3    Dex: 13    Spells: 8/8 levels left

rFire    . . .     SeeInvis .     - Unarmed
rCold    . . .     Gourm    +   (no shield)
rNeg     . . .     Faith    .   b - +1 robe
rPois    .         Spirit   .   (helmet restricted)
rElec    .         Reflect  .   (no cloak)
rCorr    .         Harm     .   (gloves unavailable)
MR       .....                  (boots unavailable)
Stlth    +.........             (no amulet)
HPRegen  0.64/turn              (no ring)
MPRegen  0.11/turn              (no ring)

@: hasted, very quick
A: large, unfitting armour, claws 3, fast metabolism 3, gourmand, regeneration
1, shaggy fur 1, tough skin 2
a: Upheaval, Renounce Religion


You were in a bailey.
You worshipped Qazlal.
Qazlal was pleased with you.
You were completely stuffed.

You visited 1 branch of the dungeon, and saw 7 of its levels.
You also visited: Bailey.

You collected 404 gold pieces.

Inventory:

Missiles
 r - 3 tomahawks (quivered)
 B - 19 poisoned needles
Armour
 b - a +1 robe (worn)
Jewellery
 g - an uncursed ring of fire
Wands
 m - a wand of flame (29)
 p - a wand of disintegration (11)
 s - a wand of clouds (4)
Scrolls
 a - a scroll of magic mapping
 e - 5 scrolls of remove curse
 h - a scroll of amnesia
 i - 8 scrolls of identify
 n - a scroll of teleportation
 q - a scroll of enchant armour
 t - a scroll of blinking {unknown}
 u - a scroll of random uselessness {unknown}
 w - a scroll of enchant weapon {unknown}
 x - a scroll of fear {unknown}
 y - a scroll of immolation {unknown}
Potions
 z - a potion of curing
Comestibles
 f - 9 rations
 A - 18 chunks of flesh


   Skills:
 + Level 5.4 Fighting
 - Level 4.0 Throwing
 + Level 5.4 Dodging
 - Level 0.3 Stealth
 * Level 8.8 Unarmed Combat
 + Level 2.5 Invocations


You had 8 spell levels left.
You didn't know any spells.
Your spell library was empty.

Dungeon Overview and Level Annotations

Branches:
Dungeon (7/15)             Temple (0/1) D:4

Altars:
Ashenzari
Elyvilon
Qazlal
Vehumet
Zin

Shops:
D:7 :


Innate Abilities, Weirdness & Mutations

You are too large for most types of armour.
You have claws for hands.
Your metabolism is lightning-fast.
You like to eat raw meat.
Your natural rate of healing is unusually fast.
You are covered in fur. (AC +1)
You have very tough skin. (AC +2)


Message History

You block the orc warrior's attack.
You closely miss the orc warrior.
The orc warrior is lightly wounded.
You block the orc's attack. The orc hits you but does no damage.
The orc hits you from afar with a +0 spear.
* * * LOW HITPOINT WARNING * * *
The orc warrior hits you from afar with a +0 glaive!
* * * LOW HITPOINT WARNING * * *
You don't have enough magic at the moment.
You scratch the orc warrior.
The orc warrior is moderately wounded.
You mangle the orc warrior!!
The orc warrior is almost dead.
The orc warrior hits you with a +0 halberd!
* * * LOW HITPOINT WARNING * * *
The orc barely misses you. The orc misses you. The orc closely misses you.
You closely miss the orc warrior.
The orc warrior is almost dead.
The orc warrior hits you from afar with a +0 glaive!
You die...

#######
##..∩..##
#.@oo...#
#∩oo..)∩#
#.o.))).#
#....)))#
#.....))#
#......)#
#.......#
#....)..#
#.......#


You could see 2 orc warriors and 3 orcs.

Vanquished Creatures
  Pikel (D:4)
  Grinder (D:4)
  A spriggan (D:7)
  4 orc warriors (Bailey)
  2 sky beasts
  An ice beast (D:5)
  A slave (D:4)
  An ogre (D:6)
  Blork the orc (D:5)
  2 bullfrogs
  A howler monkey (D:4)
  A crimson imp (D:6)
  A centaur zombie (D:5)
  4 hounds
  6 orc priests
  8 orc wizards
  An iguana (D:5)
  6 worker ants
  A hound zombie (D:7)
  A howler monkey skeleton (D:5)
  A gnoll (D:1)
  7 adders
  A shadow imp (D:6)
  4 worms
  2 dart slugs
  4 leopard geckos
  35 orcs
  2 ball pythons
  6 giant cockroaches
  6 goblins
  9 hobgoblins
  7 jackals
  5 quokkas
  8 bats
  A frilled lizard (D:2)
  9 kobolds
  A leopard gecko skeleton (D:4)
  10 rats
163 creatures vanquished.

Vanquished Creatures (others)
  A hound skeleton (D:4)
  A dart slug (D:4)
  An orc (D:4)
  A ball python skeleton (D:4)
4 creatures vanquished.

Grand Total: 167 creatures vanquished

Notes
Turn   | Place    | Note
-------+----------+-------------------------------------------
     0 | D:1      | zishaf the Troll Hunter began the quest for the Orb.
     0 | D:1      | Reached XP level 1. HP: 19/19 MP: 0/0
    96 | D:1      | Reached XP level 2. HP: 28/28 MP: 1/1
   138 | D:1      | Reached skill level 1 in Unarmed Combat
   490 | D:1      | Reached XP level 3. HP: 31/35 MP: 2/2
  1245 | D:2      | Reached skill level 2 in Unarmed Combat
  1309 | D:2      | Reached XP level 4. HP: 42/42 MP: 3/3
  1705 | D:3      | Found a stormy altar of Qazlal.
  1781 | D:3      | Became a worshipper of Qazlal Stormbringer
  1920 | D:3      | Reached skill level 3 in Unarmed Combat
  1920 | D:3      | Reached XP level 5. HP: 50/50 MP: 4/4
  2515 | D:4      | Found a glowing silver altar of Zin.
  2590 | D:4      | Found a shattered altar of Ashenzari.
  2662 | D:4      | Reached XP level 6. HP: 50/59 MP: 5/5
  2751 | D:4      | Reached skill level 4 in Unarmed Combat
  2837 | D:3      | Reached * piety under Qazlal
  2949 | D:4      | Noticed a slave
  2952 | D:4      | Noticed Pikel
  2956 | D:4      | Killed Pikel
  2956 | D:4      | Reached skill level 5 in Unarmed Combat
  2956 | D:4      | Reached XP level 7. HP: 68/68 MP: 6/6
  2978 | D:4      | Reached skill level 6 in Unarmed Combat
  3071 | D:4      | Noticed Grinder
  3087 | D:4      | Killed Grinder
  3087 | D:4      | Reached XP level 8. HP: 35/78 MP: 7/7
  3225 | D:4      | Found a staircase to the Ecumenical Temple.
  3460 | D:5      | Entered Level 5 of the Dungeon
  3778 | D:5      | Reached skill level 7 in Unarmed Combat
  3812 | D:5      | Noticed Blork the orc
  3820 | D:5      | Killed Blork the orc
  4109 | D:5      | Reached ** piety under Qazlal
  4717 | D:6      | Found a white marble altar of Elyvilon.
  4867 | D:6      | Reached skill level 1 in Invocations
  4931 | D:6      | Found a radiant altar of Vehumet.
  4981 | D:6      | Reached skill level 5 in Fighting
  4981 | D:6      | Reached skill level 5 in Dodging
  4981 | D:6      | Reached skill level 8 in Unarmed Combat
  4981 | D:6      | Reached XP level 9. HP: 81/88 MP: 8/8
  5429 | D:7      | Found Meifow's Book Shoppe.
  5485 | D:7      | Found a flagged portal.
  5500 | Bailey   | Entered a bailey
  5654 | Bailey   | HP: 4/88 [orc warrior/+0 halberd (7)]
  5655 | Bailey   | Slain by an orc warrior

Vault maps used:
D:1:      minmay_arrival_glassed_features, minmay_tree_intersection,
          kennysheep_crisscross, serial_bayou_crossing
D:2:      first_ration
D:3:      nicolae_overflow_crystal_walls
D:4:      old_standard_altar, lemuel_crystal_altar, minmay_temple_entry_hall,
          minmay_misc_feat_iff, uniq_grinder, uniq_pikel
D:5:      uniq_blork_the_orc
D:6:      vehumet_altar_wand_db, elyvilon_altar_3, grunt_decor_mini_mirrors
D:7:      serial_shops, shop, enter_bailey_6, basic_altar, the_bakery
Bailey:   bailey_polearm_5, bailey

Skill      XL: |  1  2  3  4  5  6  7  8  9 |
---------------+----------------------------+-----
Unarmed Combat | 1 2 3 5 6 8 |  8.8
Fighting       | 2 3 4 5 |  5.4
Dodging        | 2 3 4 5 |  5.4
Throwing       | 4 |  4.0
Invocations    | 1 2 |  2.5
Stealth        | |  0.3

Action                   |  1- 3 |  4- 6 |  7- 9 || total
-------------------------+-------+-------+-------++-------
Melee: Unarmed           |   109 |   144 |   192 ||   445
       Punch             |       |       |     4 ||     4
Throw: Large rock        |     2 |     4 |    13 ||    19
       Tomahawk          |       |     3 |    40 ||    43
       Javelin           |       |       |     4 ||     4
       Throwing net      |       |       |     2 ||     2
Invok: Upheaval          |       |       |     2 ||     2
  Use: Scroll            |       |       |    10 ||    10
       Potion            |       |       |     7 ||     7
 Stab: Sleeping          |     3 |     1 |       ||     4
  Eat: Chunk             |    18 |    15 |    24 ||    57
Armor: Robe              |    40 |    45 |    47 ||   132
Dodge: Dodged            |    48 |    88 |   117 ||   253
Block: Other             |       |       |    10 ||    10

Table legend:
 A = Non-vault XP
 B = Vault XP
 C = Vault XP percentage of total XP
 D = Non-vault monster count
 E = Vault monster count
 F = Vault count percentage of total count
                 A         B        C        D         E       F
            +---------+---------+-------+---------+---------+-------
      Total |    2147 |    1790 |  45.5 |     138 |      24 |  14.8
            +---------+---------+-------+---------+---------+-------
        D:1 |      43 |       0 |   0.0 |      20 |       0 |   0.0
        D:2 |     104 |       0 |   0.0 |      30 |       0 |   0.0
        D:3 |     119 |       0 |   0.0 |      23 |       0 |   0.0
        D:4 |     406 |     913 |  69.2 |      21 |       2 |   8.7
        D:5 |     647 |      99 |  13.3 |      22 |       1 |   4.3
        D:6 |     536 |       2 |   0.4 |      11 |       1 |   8.3
        D:7 |     292 |     215 |  42.4 |      11 |       1 |   8.3
     Bailey |       0 |     561 | 100.0 |       0 |      19 | 100.0
            +---------+---------+-------+---------+---------+-------
